 Dungeon Crawl Stone Soup version 0.22.0-38-g04b72b8c25 (webtiles) character file.

12007 Jynx the Earth Mage (level 11, -1/54 HPs)
             Began as a Gargoyle Earth Elementalist on Aug 25, 2018.
             Was an Elder of Vehumet.
             Splashed by a brown ugly thing's acid (8 damage)
             ... on level 11 of the Dungeon.
             The game lasted 00:37:52 (13638 turns).

Jynx the Earth Mage (Gargoyle Earth Elementalist)  Turns: 13638, Time: 00:37:53

Health: -1/54      AC: 12    Str: 19    XL:     11   Next: 86%
Magic:  9/18       EV: 13    Int: 17    God:    Vehumet [****..]
Gold:   717        SH:  0    Dex: 11    Spells: 5/20 levels left

rFire    . . .     SeeInvis .   l - +0 flail
rCold    + . .     Gourm    .   (no shield)
rNeg     + . .     Faith    +   w - +2 robe {rC+}
rPois    ∞         Spirit   .   E - +2 hat
rElec    +         Reflect  .   (no cloak)
rCorr    .         Harm     .   (no gloves)
MR       .....                  (no boots)
Stlth    ++++......             I - amulet "Ohoil" {Faith Stlth+}
HPRegen  0.18/turn              h - +2 ring of protection
MPRegen  0.16/turn              A - +6 ring of strength

@: corroded
A: negative energy resistance 1, electricity resistance, unbreathing,
petrification resistance, rot immunity, AC +8
a: Renounce Religion


You were on level 11 of the Dungeon.
You worshipped Vehumet.
Vehumet was greatly pleased with you.
You were hungry.

You visited 2 branches of the dungeon, and saw 12 of its levels.

You collected 717 gold pieces.

Inventory:

Hand Weapons
 l - a +0 flail (weapon)
 S - a +0 morningstar
Missiles
 b - 52 stones (quivered)
Armour
 w - a +2 robe of cold resistance (worn)
 E - a +2 hat (worn)
 T - +0 steam dragon scales
Jewellery
 e - an uncursed ring of stealth
 f - a cursed ring of attention
 g - an uncursed ring of positive energy
 h - a +2 ring of protection (left hand)
 A - a +6 ring of strength (right hand)
 I - the amulet "Ohoil" (around neck) {Faith Stlth+}
   (You found it on level 8 of the Dungeon)

   [amulet of faith]

   It allows you to gain divine favour quickly.
   It makes you more stealthy.
 Q - an uncursed ring of stealth
Wands
 i - a wand of flame (23)
 F - a wand of iceblast (6)
 K - a wand of polymorph (28)
 M - a wand of acid (9)
 N - a wand of disintegration (7)
 O - a wand of scattershot (6)
 P - a wand of paralysis (7)
Scrolls
 k - 2 scrolls of enchant weapon {unknown}
 n - 3 scrolls of blinking {unknown}
 q - 3 scrolls of magic mapping {unknown}
 u - 3 scrolls of teleportation
 v - 3 scrolls of immolation {unknown}
 x - 3 scrolls of enchant armour {unknown}
 y - 3 scrolls of fog {unknown}
 B - a scroll of amnesia {unknown}
 C - 2 scrolls of remove curse
 D - 2 scrolls of fear {unknown}
 H - a scroll of brand weapon {unknown}
 J - a scroll of noise {unknown}
 R - a scroll of identify
Potions
 a - 3 potions of curing
 c - a potion of berserk rage {unknown}
 j - 2 potions of lignification
 m - 2 potions of flight {unknown}
 o - a potion of agility
 r - 3 potions of degeneration
 s - a potion of heal wounds {unknown}
 t - 2 potions of ambrosia
 z - a potion of magic {unknown}
 G - a potion of brilliance {unknown}
 L - a potion of haste {unknown}
Comestibles
 d - 22 rations


   Skills:
   Level 2.0 Short Blades
 + Level 10.3 Maces & Flails
 - Level 2.8 Dodging
 - Level 4.5 Stealth
 - Level 5.0 Spellcasting
 - Level 0.7 Transmutations
 + Level 15.6 Earth Magic


You had 5 spell levels left.
You knew the following spells:

 Your Spells              Type           Power        Failure   Level  Hunger
a - Sandblast             Erth           ######       0%          1    None
b - Passwall              Tmut/Erth      ####....     1%          2    #......
c - Stone Arrow           Conj/Erth      ####..       1%          3    ###....
d - Lee's Rapid Deconstr  Erth           ######....   1%          5    ######.
e - Petrify               Tmut/Erth      ####....     4%          4    ####...

Your spell library contained the following spells:

 Spells                   Type           Power        Failure   Level  Hunger
 Static Discharge         Conj/Air       #.......     11%         3    ###....
 Animate Skeleton         Necr           N/A          14%         1    None
 Apportation              Tloc           #.....       14%         1    None
 Confusing Touch          Hex            #.....       14%         1    None
 Summon Small Mammal      Summ           #...         14%         1    None


Dungeon Overview and Level Annotations

Branches:
Dungeon (11/15)            Temple (1/1) D:7            Lair (0/6) D:11
    Orc: D:9-12

Altars:
Ashenzari
Cheibriados
Dithmenos
Elyvilon
Fedhas
Gozag
Hepliaklqana
Kikubaaqudgha
Makhleb
Nemelex Xobeh
Sif Muna
Trog
Uskayaw
Vehumet
Wu Jian
Xom
Zin
The Shining One

Shops:
D:5 %   D:7 :


Innate Abilities, Weirdness & Mutations

You are resistant to torment.
Your stone body is resilient. (AC +8)
You are immune to poison.
You resist negative energy. (rN+)
You are resistant to electric shocks. (rElec)
You can survive without breathing.
You are immune to petrification.
You are immune to rotting.


Message History

You kill the orc!
Vehumet accepts your kill.
You feel your power returning.
Things that are here:
a mace; an orc corpse The brown ugly thing is no longer petrified.
The brown ugly thing gores you.
You are splashed with acid!
The acid burns!
* * * LOW HITPOINT WARNING * * *
There is a stone staircase leading up here.
You see here an ugly thing corpse.
Casting: Petrify (safe; 4% risk of failure)
Confirm with . or Enter, or press ? or * to list all spells.
Aiming: Petrify (safe; 4% risk of failure)
Press: ? - help, Shift-Dir - straight line, f/p - brown ugly thing
Aim: a brown ugly thing (chance to defeat MR: 43%)
The brown ugly thing resists with some effort.
The brown ugly thing gores you.
* * * LOW HITPOINT WARNING * * *
The acid corrodes you!
You are splashed with acid!
The acid burns!
You die...

##### #...# ##########
#...# #........# #...#
#........# #..##
#..)[....###.##
#........##..# .
####...###..#### ..
##.[@........# ...
#######..#u........# ....
#........#)........#
###..##......#.##..).....#
.##..........#.......>...#
..#..##..[.[....#........#
.....##.......#.#........#
............).....(..^...#
.........÷......#........#


You could see a brown ugly thing.

Vanquished Creatures
  Erolcha (D:9)
  A two-headed ogre (D:10)
  A sixfirhy (D:10)
  2 ugly things
  Maurice (D:8)
  A troll (D:11)
  Grinder (D:4)
  3 hippogriffs
  A wyvern (D:9)
  13 yaks (D:10)
  A yak (shapeshifter) (D:8)
  A golden eye (shapeshifter) (D:10)
  A steam dragon (D:9)
  2 wargs
  A hungry ghost (D:8)
  3 phantoms
  An orc warrior (D:11)
  3 ice beasts
  2 sky beasts
  A black bear (D:10)
  A hornet zombie (D:9)
  10 ogres
  6 centaurs
  A bullfrog (D:11)
  A gnoll sergeant (D:11)
  3 scorpions
  5 killer bees
  15 wights
  3 howler monkeys
  8 crimson imps
  3 hounds
  11 orc wizards
  4 jellies
  5 orc priests
  2 bullfrog skeletons (D:5)
  A centaur skeleton (D:5)
  4 iguanas
  Natasha (thrice) (D:2)
  11 worker ants
  A hound skeleton (D:7)
  A worker ant zombie (D:5)
  A howler monkey zombie (D:7)
  8 gnolls
  16 adders
  A shadow imp (D:5)
  An adder skeleton (D:6)
  4 adder zombies
  A dart slug (D:2)
  6 leopard geckos
  25 orcs
  6 giant cockroaches
  9 goblins
  7 hobgoblins
  18 jackals
  7 kobolds
  7 quokkas
  2 ball pythons
  7 bats
  A quokka zombie (D:5)
  8 rats
275 creatures vanquished.

Vanquished Creatures (others)
  A human (D:5)
1 creature vanquished.

Grand Total: 276 creatures vanquished

Notes
Turn   | Place    | Note
-------+----------+-------------------------------------------
     0 | D:1      | Jynx the Gargoyle Earth Elementalist began the quest for the Orb.
     0 | D:1      | Reached XP level 1. HP: 10/10 MP: 3/3
    54 | D:1      | Reached skill level 4 in Earth Magic
   208 | D:1      | Reached XP level 2. HP: 12/15 MP: 1/5
  1222 | D:1      | You fall through a shaft!
  1249 | D:2      | Reached skill level 5 in Earth Magic
  1249 | D:2      | Reached XP level 3. HP: 15/19 MP: 1/6
  1364 | D:2      | Noticed Natasha
  1376 | D:2      | Killed Natasha
  1376 | D:2      | Reached XP level 4. HP: 24/24 MP: 3/8
  1575 | D:2      | Noticed Natasha
  1580 | D:2      | Killed Natasha
  1580 | D:2      | Reached XP level 5. HP: 27/28 MP: 1/9
  1597 | D:2      | Learned a level 2 spell: Passwall
  1601 | D:2      | Learned a level 3 spell: Stone Arrow
  1610 | D:2      | Reached skill level 6 in Earth Magic
  1747 | D:2      | Noticed Natasha
  1753 | D:2      | Killed Natasha
  2006 | D:3      | Found a white marble altar of Elyvilon.
  2492 | D:4      | Noticed Grinder
  2635 | D:4      | Reached XP level 6. HP: 25/32 MP: 1/11
  2712 | D:4      | Reached skill level 7 in Earth Magic
  3285 | D:4      | Reached XP level 7. HP: 36/36 MP: 1/12
  3343 | D:4      | Reached skill level 8 in Earth Magic
  3608 | D:4      | Learned a level 5 spell: Lee's Rapid Deconstruction
  3704 | D:4      | Found a burning altar of Makhleb.
  3962 | D:4      | Killed Grinder
  3962 | D:4      | Reached skill level 9 in Earth Magic
  3962 | D:4      | Reached XP level 8. HP: 41/41 MP: 0/13
  4183 | D:5      | Entered Level 5 of the Dungeon
  4563 | D:5      | Learned a level 4 spell: Petrify
  4659 | D:5      | Found an ancient bone altar of Kikubaaqudgha.
  4840 | D:5      | Found Paxoich's Food Shoppe.
  4883 | D:5      | Reached skill level 10 in Earth Magic
  5097 | D:5      | Reached skill level 1 in Short Blades
  5298 | D:5      | Found a glowing silver altar of Zin.
  5304 | D:5      | Found a snail-covered altar of Cheibriados.
  5582 | D:6      | Reached XP level 9. HP: 45/45 MP: 11/16
  5593 | D:6      | Reached skill level 5 in Spellcasting
  5599 | D:6      | Reached skill level 11 in Earth Magic
  6022 | D:6      | Reached skill level 1 in Maces & Flails
  6989 | D:7      | Found a staircase to the Ecumenical Temple.
  7073 | D:8      | Got a scorched iron amulet
  7115 | Temple   | Entered the Ecumenical Temple
  7214 | Temple   | Became a worshipper of Vehumet
  7431 | D:7      | Reached skill level 12 in Earth Magic
  7842 | D:7      | Found a shattered altar of Ashenzari.
  7888 | D:7      | Found the +2 shield of Resistance {rF+ rC+ MR+}
  7912 | D:7      | Found Laitara's Book Shop.
  7930 | D:7      | Identified the amulet "Ohoil" {Faith Stlth+} (You found it on level 8 of the Dungeon)
  8298 | D:8      | Reached skill level 5 in Maces & Flails
  8301 | D:8      | Reached XP level 10. HP: 48/50 MP: 0/17
  8486 | D:8      | Reached * piety under Vehumet
  8486 | D:8      | Offered knowledge of Shock by Vehumet.
  8864 | D:8      | Noticed Maurice
  9083 | D:8      | Killed Maurice
  9083 | D:8      | Reached skill level 13 in Earth Magic
  9719 | D:8      | Found a glowing golden altar of the Shining One.
 10043 | D:9      | Offered knowledge of Flame Tongue by Vehumet.
 10145 | D:9      | Noticed Erolcha
 10280 | D:9      | Killed Erolcha
 10382 | D:9      | Reached ** piety under Vehumet
 10648 | D:10     | Entered Level 10 of the Dungeon
 10665 | D:10     | Reached skill level 14 in Earth Magic
 10858 | D:10     | Found a runed door.
 11202 | D:10     | Noticed a sixfirhy
 11285 | D:10     | Reached XP level 11. HP: 54/54 MP: 15/18
 11524 | D:10     | Noticed a two-headed ogre
 11533 | D:10     | Killed a two-headed ogre
 11697 | D:10     | Offered knowledge of Inner Flame by Vehumet.
 11877 | D:10     | Reached *** piety under Vehumet
 11900 | D:10     | Reached skill level 15 in Earth Magic
 12247 | D:11     | Noticed a brown ugly thing
 12473 | D:11     | Offered knowledge of Static Discharge by Vehumet.
 12649 | D:11     | Noticed a red ugly thing
 12678 | D:11     | Noticed a brown ugly thing
 12857 | D:11     | Found a staircase to the Lair.
 12990 | D:11     | Reached **** piety under Vehumet
 12990 | D:11     | Reached skill level 10 in Maces & Flails
 13163 | D:10     | Killed a brown ugly thing
 13393 | D:10     | Killed a sixfirhy
 13562 | D:11     | Killed a brown ugly thing
 13638 | D:11     | Splashed by a brown ugly thing's acid

Skill      XL: |  1  2  3  4  5  6  7  8  9 10 11 |
---------------+----------------------------------+-----
Earth Magic    | 4 5 6 7 9 10 12 14 15 | 15.6
Spellcasting   | 3 4 5 |  5.0
Stealth        | 3 4 |  4.5
Dodging        | 2 |  2.8
Short Blades   | 2 |  2.0
Maces & Flails | 5 8 10 | 10.3
Transmutations | |  0.7

Action                   |  1- 3 |  4- 6 |  7- 9 | 10-12 || total
-------------------------+-------+-------+-------+-------++-------
Melee: Unarmed           |    58 |       |       |       ||    58
       Short sword       |     6 |   124 |   172 |       ||   302
       Flail             |       |       |   116 |   147 ||   263
 Cast: Sandblast         |    23 |    45 |    98 |   146 ||   312
       Stone Arrow       |       |     5 |    32 |    39 ||    76
       Lee's Rapid Decon |       |       |     7 |    16 ||    23
       Petrify           |       |       |       |    13 ||    13
  Use: Scroll            |       |     4 |     4 |     6 ||    14
 Stab: Sleeping          |     1 |     2 |     6 |     4 ||    13
       Distracted        |       |       |     1 |       ||     1
       Petrified         |       |       |       |    12 ||    12
  Eat: Chunk             |     1 |     7 |    17 |    20 ||    45
       Ration            |       |       |     1 |     2 ||     3
Armor: Robe              |    24 |    56 |   198 |   105 ||   383
Dodge: Dodged            |    61 |    93 |   288 |   189 ||   631
